 Dungeon Crawl Stone Soup version 0.30-a0-355-g4c39ff33d3 (webtiles) character file.

Game seed: 5312717040195384478

411 Elric the Spear-Bearer (level 6, -2/70 HPs)
             Began as a Merfolk Fighter on Nov 8, 2022.
             Slain by a killer bee (4 damage)
             ... on level 4 of the Dungeon.
             The game lasted 00:05:23 (2869 turns).

Elric the Spear-Bearer (Merfolk Fighter)            Turns: 2869, Time: 00:05:24

Health: -2/70      AC: 23    Str: 19    XL:     6   Next: 90%
Magic:  6/6        EV:  2    Int:  7    God:
Gold:   144        SH:  4    Dex: 13    Spells: 5/5 levels left

rFire   . . .      SeeInvis .    a - +0 trident
rCold   . . .      Faith    .    c - +0 buckler
rNeg    . . .      Spirit   .    (body armour currently unavailable)
rPois   +          Reflect  .    (helmet currently unavailable)
rElec   .          Harm     .    (cloak currently unavailable)
rCorr   .          Rampage  .    (gloves currently unavailable)
Will    .....      NoTele   +    (boots currently unavailable)
Stlth   +.........               (no amulet)
HPRegen 0.31/turn                (no ring)
MPRegen 0.10/turn                (no ring)

@: lethally poisoned (-2 -> -7), tree-form, hasted, very quick
A: stationary, stasis, torment immunity, boosted hp, (nimble swimmer 2),
(mertail)
a: no special abilities


You were on level 4 of the Dungeon.
You were a tree.
You visited 1 branch of the dungeon, and saw 4 of its levels.

You collected 144 gold pieces.

Inventory:

Hand Weapons
 a - a +0 trident (weapon)
 n - a +1 short sword of electrocution
Armour
 b - a +0 scale mail (melded)
 c - a +0 buckler (worn)
 h - a +0 pair of boots (melded)
Jewellery
 q - a ring of willpower
Scrolls
 f - a scroll of enchant weapon {unknown}
 g - a scroll of teleportation {unknown}
 j - a scroll of torment {unknown}
 k - 3 scrolls of amnesia {unknown}
 o - 4 scrolls of identify {unknown}
 p - a scroll of noise {unknown}
 s - a scroll of blinking {unknown}
 t - a scroll of vulnerability {unknown}
Potions
 d - 4 potions of might
 l - a potion of degeneration {unknown}
 m - a potion of curing {unknown}
 r - a potion of haste


   Skills:
 - Level 3.4 Fighting
 + Level 9.2 Polearms
 - Level 2.2 Armour
 - Level 3.1 Shields


You had 5 spell levels left.
You didn't know any spells.
Your spell library contained the following spells:

 Spells                   Type           Power      Damage    Failure   Level
 Magic Dart               Conj           0%         1d3       52%         1
 Call Imp                 Summ           0%         N/A       67%         2
 Mephitic Cloud           Conj/Pois/Air  0%         N/A       88%         3


Dungeon Overview and Level Annotations

Branches:
Dungeon (4/15)
 Temple: D:4-7

Altars:
Qazlal

Shops:
D:2 :


Innate Abilities, Weirdness & Mutations

You are a tree.
Your roots penetrate the ground, keeping you stationary.
You cannot be teleported.
You are immune to unholy pain and torment.
Your maximum health is greatly increased.
Your equipment is partially melded.
((You are very nimble when in or above water. (Stealth+, EV+, Speed+++)))
((Your lower body shifts to a powerful aquatic tail in water.))


Message History

The killer bee stings you but does no damage.
The killer bee stings you.
* * * LOW HITPOINT WARNING * * *
You block the killer bee's attack.
You barely miss the killer bee. You block the killer bee's attack.
The killer bee stings you but does no damage. x3
You miss the killer bee.
The killer bee is severely wounded.
You feel sick.
The killer bee stings you but does no damage. x2
The killer bee barely misses you. The killer bee stings you.
* * * LOW HITPOINT WARNING * * *
The killer bee stings you but does no damage. x2
You block the killer bee's attack.
The killer bee stings you but does no damage.
You puncture the killer bee!
You kill the killer bee!
You feel sick.
The killer bee stings you but does no damage.
The killer bee stings you.
* * * LOW HITPOINT WARNING * * *
You are more poisoned.
The killer bee poisons you!
The killer bee stings you but does no damage.
You hit the killer bee.
You kill the killer bee!
You feel sick. You block the killer bee's attack.
The killer bee stings you but does no damage. x2
Your Polearms skill increases to level 9!
You closely miss the killer bee.
You feel sick.
The killer bee stings you but does no damage.
You block the killer bee's attack. x2
You miss the killer bee.
You feel sick. The killer bee stings you.
* * * LOW HITPOINT WARNING * * *
The killer bee barely misses you.
The killer bee stings you but does no damage. x2
The killer bee stings you.
* * * LOW HITPOINT WARNING * * *
The killer bee stings you.
You die...

####### ######
##<..y♣##....$##
#.....yyr......#
#...!.††o........
#................
#................
#................
#................
#................
##...............


You could see 3 killer bees, an orc and a quokka.

Vanquished Creatures
  An ogre (D:3)
  2 killer bees (D:4)
  Jessica (D:2)
  An orc wizard (D:3)
  Natasha (thrice) (D:2)
  3 adders
  3 worms
  2 dart slugs
  3 orcs (D:3)
  7 ball pythons
  5 bats
  6 endoplasms
  A giant cockroach (D:1)
  9 goblins
  8 hobgoblins
  3 jackals (D:1)
  3 quokkas
  6 kobolds
  4 rats
71 creatures vanquished.

Notes
Turn   | Place    | Note
-------+----------+-------------------------------------------
     0 | D:1      | Elric the Merfolk Fighter began the quest for the Orb.
     0 | D:1      | Reached XP level 1. HP: 18/18 MP: 1/1
    70 | D:1      | Reached XP level 2. HP: 23/24 MP: 2/2
   108 | D:1      | Reached skill level 3 in Polearms
   816 | D:2      | Reached skill level 4 in Polearms
   816 | D:2      | Reached XP level 3. HP: 20/29 MP: 3/3
   875 | D:2      | Found Efaucs's Book Shop.
  1100 | D:2      | Reached skill level 5 in Polearms
  1100 | D:2      | Reached XP level 4. HP: 35/35 MP: 4/4
  1257 | D:2      | Noticed Jessica
  1266 | D:2      | Killed Jessica
  1447 | D:2      | Noticed Natasha
  1457 | D:2      | Reached skill level 6 in Polearms
  1463 | D:2      | Killed Natasha
  1464 | D:2      | Reached XP level 5. HP: 25/41 MP: 5/5
  1465 | D:2      | Noticed Natasha
  1474 | D:2      | Killed Natasha
  1831 | D:2      | Noticed Natasha
  1835 | D:2      | Killed Natasha
  1836 | D:2      | Reached skill level 7 in Polearms
  2428 | D:3      | Found a stormy altar of Qazlal.
  2484 | D:3      | Noticed an ogre
  2494 | D:3      | Killed an ogre
  2495 | D:3      | Reached skill level 8 in Polearms
  2495 | D:3      | Reached XP level 6. HP: 13/47 MP: 6/6
  2849 | D:4      | HP: 2/70 [poisoned by a killer bee]
  2868 | D:4      | Reached skill level 9 in Polearms
  2869 | D:4      | HP: 2/70 [killer bee (4)]
  2869 | D:4      | Slain by a killer bee

Illustrated notes

Levels and vault maps discovered:
D:1:      dpeg_arrival_rooms_c, layout_loops_ring
D:2:      layout_basic, serial_shops, shop, uniq_jessica, uniq_natasha
D:3:      layout_basic, nicolae_overflow_crystal_walls
D:4:      layout_rooms, zin_scriptorium, kennysheep_slug_shrine,
          trog_butcher_becter, fedhas_altar_fruit_tree, serial_shops,
          nicolae_shop_waterfront, nicolae_shop_behind_doors, shop, shop, shop

Skill      XL: |  1  2  3  4  5  6 |
---------------+-------------------+-----
Polearms       | 4 5 6 8 9 |  9.2
Fighting       | |  3.4
Armour         | |  2.2
Shields        | |  3.1

Action                   |  1- 3 |  4- 6 || total
-------------------------+-------+-------++-------
Melee: Trident           |    58 |    65 ||   123
       Short sword       |    43 |    75 ||   118
  Use: Potion            |       |     3 ||     3
 Stab: Distracted        |     1 |       ||     1
Armor: Scale mail        |    37 |    34 ||    71
       Skin              |       |    61 ||    61
Dodge: Dodged            |    43 |    52 ||    95
Block: Buckler           |    14 |    34 ||    48

Table legend: (Time is in decaauts)
 A = Elapsed time spent in this place.
 B = Non-inter-level travel time spent in this place.
 C = Inter-level travel time spent in this place.
 D = Time resting spent in this place.
 E = Time spent auto-exploring this place.
 F = Levels seen in this place.
 G = Mean time per level.
                   A        B        C        D        E       F      G
               +--------+--------+--------+--------+--------+-----+--------+
         Total |   2877 |   2616 |    261 |    232 |   1925 |   4 |  719.2 |
       Dungeon |   2877 |   2616 |    261 |    232 |   1925 |   4 |  719.2 |
               +--------+--------+--------+--------+--------+-----+--------+

Top non-repeatable levels by time:
     D:2: 1319 daAuts
     D:1: 808 daAuts
     D:3: 716 daAuts
     D:4: 33 daAuts
